TOP OF THE 1ST |
Savannah Hogs batting - Pitching for Scottsdale Scorpions : RHP Sterling Caldwell
|
Pitching: RHP Sterling Caldwell
|
|
Batting: RHB Guillermo González
|
0-0: Called Strike 0-1: Ball 1-1: Ball 2-1: Foul Ball, location: 2F 2-2: Strikes out swinging
|
Batting: RHB Luis González
|
0-0: Called Strike 0-1: Ball 1-1: Foul Ball, location: 2F 1-2: Ball 2-2: Strikes out swinging
|
Batting: LHB Ivan Costello
|
0-0: Swinging Strike 0-1: Ball 1-1: Foul Ball, location: 2F 1-2: Ball 2-2: Strikes out swinging
|
Top of the 1st over - 0 run(s), 0 hit(s), 0 error(s), 0 left on base; Savannah 0 - Scottsdale 0 |
BOTTOM OF THE 1ST |
Scottsdale Scorpions batting - Pitching for Savannah Hogs : RHP Mike Gordon
|
Pitching: RHP Mike Gordon
|
|
Batting: LHB José Garza
|
0-0: Ball 1-0: Fly out, F7 (Flyball, 7D)
|
Batting: LHB Alberto Roberts
|
0-0: SINGLE (Flyball, 89S)
|
Batting: SHB Ralph Robison
|
0-0: Ball 1-0: Ball 2-0: Ball 3-0: Base on Balls Alberto Roberts to second
|
Batting: RHB Edgardo Gonzáles
|
0-0: Ball 1-0: Called Strike 1-1: Ball 2-1: Ball 3-1: Fly out, F9 (Flyball, 9S)
|
Batting: RHB Ronald Smith
|
0-0: Called Strike 0-1: Foul Ball, location: 2F 0-2: Ball 1-2: Strikes out swinging
|
Bottom of the 1st over - 0 run(s), 1 hit(s), 0 error(s), 2 left on base; Savannah 0 - Scottsdale 0 |
TOP OF THE 2ND |
Savannah Hogs batting - Pitching for Scottsdale Scorpions : RHP Sterling Caldwell
|
Batting: LHB Jim Clemente
|
0-0: Ball 1-0: Ball 2-0: Fly out, F7 (Flyball, 7LM)
|
Batting: RHB Sergio Moreno
|
0-0: Swinging Strike 0-1: Foul Ball, location: 2F 0-2: Ball 1-2: Foul Ball, location: 2F 1-2: Ball 2-2: Ball 3-2: Strikes out looking
|
Batting: RHB Orlando Márquez
|
0-0: Swinging Strike 0-1: Called Strike 0-2: Ball 1-2: Strikes out swinging
|
Top of the 2nd over - 0 run(s), 0 hit(s), 0 error(s), 0 left on base; Savannah 0 - Scottsdale 0 |
BOTTOM OF THE 2ND |
Scottsdale Scorpions batting - Pitching for Savannah Hogs : RHP Mike Gordon
|
Batting: RHB Jaime Delgado
|
0-0: Ball 1-0: Ball 2-0: Ball 3-0: Called Strike 3-1: Base on Balls
|
Batting: LHB Frank Vázquez
|
0-0: Ball 1-0: Ball 2-0: Ball 3-0: Base on Balls Jaime Delgado to second
|
Batting: RHB Ricardo Gutiérrez
|
0-0: Ball 1-0: Ball 2-0: Called Strike 2-1: Foul Ball, location: 2F 2-2: Ball 3-2: SINGLE (Line Drive, 89S) Jaime Delgado to third Frank Vázquez to second Throwing error, E9 Jaime Delgado scores Frank Vázquez to third Ricardo Gutiérrez to second
|
Batting: SHB Luis López
|
0-0: Ball 1-0: Ball 2-0: SINGLE (Line Drive, 6MD) Frank Vázquez scores Ricardo Gutiérrez to third
|
Batting: LHB José Garza
|
0-0: Called Strike 0-1: Foul Ball, location: 2F 0-2: Ball 1-2: Ball 2-2: Foul Ball, location: 2F 2-2: Ball 3-2: Foul Ball, location: 2F 3-2: Foul Ball, location: 2F 3-2: SINGLE (Flyball, 89S) Ricardo Gutiérrez scores Luis López to second
|
Batting: LHB Alberto Roberts
|
0-0: Called Strike 0-1: Ball 1-1: Ball 2-1: Ball 3-1: Base on Balls Luis López to third José Garza to second
|
Batting: SHB Ralph Robison
|
0-0: Ball 1-0: Ball 2-0: Ball 3-0: Called Strike 3-1: Called Strike 3-2: Fly out, F5 (Popup, 5L)
|
Batting: RHB Edgardo Gonzáles
|
0-0: Ball 1-0: Ball 2-0: Called Strike 2-1: Foul Ball, location: 2F 2-2: Ball 3-2: Base on Balls Luis López scores José Garza to third Alberto Roberts to second
|
Batting: RHB Ronald Smith
|
0-0: Ball 1-0: Foul Ball, location: 2F 1-1: Ball 2-1: SINGLE (Line Drive, 4D) José Garza scores Alberto Roberts to third Edgardo Gonzáles to second Runner from 3rd tries for Home, SAFE, no throw
|
Pitching: RHP Manuel Silva
|
|
Batting: RHB Jaime Delgado
|
0-0: Ball 1-0: SINGLE (Flyball, 89S) Edgardo Gonzáles to third Ronald Smith to second Runner from 3rd tries for Home, SAFE, no throw
|
Batting: LHB Frank Vázquez
|
0-0: Called Strike 0-1: Foul Ball, location: 2F 0-2: Foul Ball, location: 2F 0-2: Foul Ball, location: 2F 0-2: Ball 1-2: Fly out, F9 (Line Drive, 9S)
|
Batting: RHB Ricardo Gutiérrez
|
0-0: Fly out, F5 (Popup, 5S)
|
Bottom of the 2nd over - 7 run(s), 5 hit(s), 1 error(s), 2 left on base; Savannah 0 - Scottsdale 7 |
TOP OF THE 3RD |
Savannah Hogs batting - Pitching for Scottsdale Scorpions : RHP Sterling Caldwell
|
Batting: RHB Remi Eruzione
|
0-0: Ball 1-0: DOUBLE (Flyball, 89D)
|
Batting: RHB Alex Whitehead
|
0-0: Ball Remi Eruzione is caught stealing 3rd base 1-0: Ball 2-0: SINGLE (Line Drive, 6M)
|
Batting: RHB Anastasio Movonda
|
0-0: Ball 1-0: Foul Ball, location: 2F 1-1: Swinging Strike 1-2: Ball 2-2: SINGLE (Groundball, 6MD) Alex Whitehead to second Runner from 2nd tries for 3rd, SAFE, throw made to third Anastasio Movonda to second
|
Batting: RHB Guillermo González
|
0-0: Fly out, F8 (Flyball, 8RM) Runner from 3rd tags up, SCORES, no throw
|
Batting: RHB Luis González
|
0-0: Called Strike 0-1: Called Strike 0-2: Strikes out swinging
|
Top of the 3rd over - 1 run(s), 3 hit(s), 0 error(s), 1 left on base; Savannah 1 - Scottsdale 7 |
BOTTOM OF THE 3RD |
Scottsdale Scorpions batting - Pitching for Savannah Hogs : RHP Manuel Silva
|
Batting: SHB Luis López
|
0-0: Ground out 4-3 (Groundball, 4)
|
Batting: LHB José Garza
|
0-0: Ball 1-0: SINGLE (Groundball, 4) (infield hit)
|
Batting: LHB Alberto Roberts
|
0-0: Ball José Garza steals 2nd base 1-0: Swinging Strike 1-1: Ball 2-1: Ball 3-1: Called Strike 3-2: Strikes out swinging
|
Batting: SHB Ralph Robison
|
0-0: Ball 1-0: Called Strike 1-1: SINGLE (Line Drive, 8LS) José Garza to third Runner from 3rd tries for Home, SAFE, no throw
|
Batting: RHB Edgardo Gonzáles
|
0-0: Foul Ball, location: 2F 0-1: Ball 1-1: Fly out, F6 (Popup, 56D)
|
Bottom of the 3rd over - 1 run(s), 2 hit(s), 0 error(s), 1 left on base; Savannah 1 - Scottsdale 8 |
TOP OF THE 4TH |
Savannah Hogs batting - Pitching for Scottsdale Scorpions : RHP Sterling Caldwell
|
Batting: LHB Ivan Costello
|
0-0: SINGLE (Groundball, 34D)
|
Batting: LHB Jim Clemente
|
0-0: Called Strike 0-1: Called Strike 0-2: Strikes out swinging
|
Batting: RHB Sergio Moreno
|
0-0: Ball 1-0: Ball 2-0: Called Strike 2-1: Swinging Strike 2-2: Ball 3-2: Foul Ball, location: 2F 3-2: Strikes out swinging
|
Batting: RHB Orlando Márquez
|
0-0: Called Strike 0-1: Ball 1-1: Ball 2-1: Swinging Strike 2-2: Ball 3-2: Base on Balls Ivan Costello to second
|
Batting: RHB Remi Eruzione
|
0-0: Ball 1-0: Ball 2-0: Swinging Strike 2-1: Foul Ball, location: 2F 2-2: Foul Ball, location: 2F 2-2: TRIPLE (Flyball, 8LXD) Ivan Costello scores Orlando Márquez scores
|
Batting: RHB Alex Whitehead
|
0-0: Called Strike 0-1: Called Strike 0-2: Ball 1-2: Ball 2-2: DOUBLE (Flyball, 89XD) Remi Eruzione scores
|
Batting: RHB Anastasio Movonda
|
0-0: Ball 1-0: Called Strike 1-1: Ground out 4-3 (Groundball, 4)
|
Top of the 4th over - 3 run(s), 3 hit(s), 0 error(s), 1 left on base; Savannah 4 - Scottsdale 8 |
BOTTOM OF THE 4TH |
Scottsdale Scorpions batting - Pitching for Savannah Hogs : RHP Manuel Silva
|
Batting: RHB Ronald Smith
|
0-0: Ball 1-0: DOUBLE (Flyball, 7LM)
|
Batting: RHB Jaime Delgado
|
0-0: Called Strike 0-1: Ball 1-1: Ball 2-1: Ball 3-1: Called Strike 3-2: Foul Ball, location: 2F 3-2: Base on Balls
|
Batting: LHB Frank Vázquez
|
0-0: Called Strike 0-1: Swinging Strike 0-2: Strikes out swinging
|
Batting: RHB Ricardo Gutiérrez
|
0-0: Called Strike 0-1: Ball 1-1: Fly out, F7 (Flyball, 7LS)
|
Batting: SHB Luis López
|
0-0: Ball 1-0: SINGLE (Line Drive, 34D) Ronald Smith to third Jaime Delgado to second
|
Batting: LHB José Garza
|
0-0: Called Strike 0-1: Ball 1-1: Ball 2-1: Ball 3-1: Base on Balls Ronald Smith scores Jaime Delgado to third Luis López to second
|
Batting: LHB Alberto Roberts
|
0-0: Ball 1-0: SINGLE (Line Drive, 9S) Jaime Delgado scores Luis López to third José Garza to second Runner from 3rd tries for Home, SAFE, no throw
|
Pitching: RHP António Baca
|
|
Batting: SHB Ralph Robison
|
0-0: Ball 1-0: Called Strike 1-1: Fly out, F8 (Flyball, 8LM)
|
Bottom of the 4th over - 3 run(s), 3 hit(s), 0 error(s), 2 left on base; Savannah 4 - Scottsdale 11 |
TOP OF THE 5TH |
Savannah Hogs batting - Pitching for Scottsdale Scorpions : RHP Sterling Caldwell
|
Batting: RHB Guillermo González
|
0-0: Ball 1-0: Ball 2-0: Called Strike 2-1: Called Strike 2-2: Strikes out swinging
|
Batting: RHB Luis González
|
0-0: Swinging Strike 0-1: Foul Ball, location: 2F 0-2: Ball 1-2: Ball 2-2: Strikes out swinging
|
Batting: LHB Ivan Costello
|
0-0: Ball 1-0: Swinging Strike 1-1: Fly out, F7 (Line Drive, 78M)
|
Top of the 5th over - 0 run(s), 0 hit(s), 0 error(s), 0 left on base; Savannah 4 - Scottsdale 11 |
BOTTOM OF THE 5TH |
Scottsdale Scorpions batting - Pitching for Savannah Hogs : RHP António Baca
|
Batting: RHB Edgardo Gonzáles
|
0-0: Foul Ball, location: 2F 0-1: Ball 1-1: Ball 2-1: Swinging Strike 2-2: Ball 3-2: SINGLE (Groundball, 6MD)
|
Batting: RHB Ronald Smith
|
0-0: Called Strike 0-1: Ball 1-1: Ball 2-1: Swinging Strike 2-2: Foul Ball, location: 2F 2-2: Foul Ball, location: 2F 2-2: Foul Ball, location: 2F 2-2: Strikes out swinging
|
Batting: RHB Jaime Delgado
|
0-0: Called Strike 0-1: Ball 1-1: Foul Ball, location: 2F 1-2: Strikes out swinging
|
Batting: LHB Frank Vázquez
|
0-0: Foul Ball, location: 2F 0-1: Fly out, F9 (Flyball, 9LM)
|
Bottom of the 5th over - 0 run(s), 1 hit(s), 0 error(s), 1 left on base; Savannah 4 - Scottsdale 11 |
TOP OF THE 6TH |
Savannah Hogs batting - Pitching for Scottsdale Scorpions : RHP Sterling Caldwell
|
Pitching: RHP Billy O'Neal
|
|
Batting: LHB Jim Clemente
|
0-0: Fly out, F4 (Popup, 34)
|
Batting: RHB Sergio Moreno
|
0-0: Ball 1-0: Fly out, F7 (Flyball, 78M)
|
Batting: RHB Orlando Márquez
|
0-0: Fly out, F9 (Line Drive, 9S)
|
Top of the 6th over - 0 run(s), 0 hit(s), 0 error(s), 0 left on base; Savannah 4 - Scottsdale 11 |
BOTTOM OF THE 6TH |
Scottsdale Scorpions batting - Pitching for Savannah Hogs : RHP António Baca
|
Batting: RHB Ricardo Gutiérrez
|
0-0: Called Strike 0-1: Called Strike 0-2: Ball 1-2: Fly out, F6 (Line Drive, 6)
|
Batting: SHB Luis López
|
0-0: Ground out U3 (Groundball, 3)
|
Batting: LHB José Garza
|
0-0: Called Strike 0-1: Foul Ball, location: 2F 0-2: SOLO HOME RUN (Line Drive, 78XD), Distance : 375 ft
|
Batting: LHB Alberto Roberts
|
0-0: Ball 1-0: Swinging Strike 1-1: Fly out, F7 (Flyball, 78D)
|
Bottom of the 6th over - 1 run(s), 1 hit(s), 0 error(s), 0 left on base; Savannah 4 - Scottsdale 12 |
TOP OF THE 7TH |
Savannah Hogs batting - Pitching for Scottsdale Scorpions : RHP Billy O'Neal
|
Batting: RHB Remi Eruzione
|
0-0: Called Strike 0-1: Ball 1-1: Ball 2-1: Foul Ball, location: 2F 2-2: Foul Ball, location: 2F 2-2: SINGLE (Flyball, 7LM)
|
Batting: RHB Alex Whitehead
|
0-0: Called Strike 0-1: Ball 1-1: Ball 2-1: Ball 3-1: Foul Ball, location: 2F 3-2: Foul Ball, location: 2F 3-2: Strikes out looking
|
Batting: RHB Anastasio Movonda
|
0-0: Ball 1-0: Called Strike 1-1: Ball 2-1: Ball 3-1: Swinging Strike 3-2: Base on Balls Remi Eruzione to second
|
Batting: RHB Guillermo González
|
0-0: Ball 1-0: Fly out, F8 (Flyball, 8RS)
|
Batting: RHB Luis González
|
0-0: Called Strike 0-1: SINGLE (Line Drive, 3D) Remi Eruzione to third Anastasio Movonda to second Runner from 3rd tries for Home, SAFE, no throw
|
Batting: LHB Ivan Costello
|
0-0: Foul Ball, location: 2F 0-1: Ball 1-1: Ball 2-1: Fly out, F2 (Popup, 2L)
|
Top of the 7th over - 1 run(s), 2 hit(s), 0 error(s), 2 left on base; Savannah 5 - Scottsdale 12 |
BOTTOM OF THE 7TH |
Scottsdale Scorpions batting - Pitching for Savannah Hogs : RHP António Baca
|
Batting: SHB Ralph Robison
|
0-0: Foul Ball, location: 2F 0-1: Ball 1-1: Fly out, F7 (Flyball, 78S)
|
Batting: RHB Edgardo Gonzáles
|
0-0: Fly out, F4 (Popup, 34D)
|
Batting: RHB Ronald Smith
|
0-0: Ball 1-0: Ball 2-0: Ball 3-0: Base on Balls
|
Batting: RHB Jaime Delgado
|
0-0: Called Strike 0-1: Swinging Strike 0-2: Strikes out looking
|
Bottom of the 7th over - 0 run(s), 0 hit(s), 0 error(s), 1 left on base; Savannah 5 - Scottsdale 12 |
TOP OF THE 8TH |
Savannah Hogs batting - Pitching for Scottsdale Scorpions : RHP Billy O'Neal
|
Now at C: Sergio Domínguez
|
|
Now at 2B: Robinson Fernández
|
|
Batting: LHB Jim Clemente
|
0-0: Ball 1-0: Ball 2-0: Ball 3-0: Swinging Strike 3-1: Swinging Strike 3-2: Base on Balls
|
Batting: RHB Sergio Moreno
|
0-0: Called Strike 0-1: Swinging Strike 0-2: Ball 1-2: Foul Ball, location: 2F 1-2: Ball 2-2: Ball 3-2: Foul Ball, location: 2F 3-2: Base on Balls Jim Clemente to second
|
Batting: RHB Orlando Márquez
|
0-0: Ball 1-0: Ball 2-0: Foul Ball, location: 2F 2-1: Foul Ball, location: 2F 2-2: Foul Ball, location: 2F 2-2: Strikes out swinging
|
Batting: RHB Remi Eruzione
|
0-0: Ball 1-0: Swinging Strike 1-1: Ground out 5-3 (Groundball, 56S) Jim Clemente to third Sergio Moreno to second
|
Batting: RHB Alex Whitehead
|
0-0: Foul Ball, location: 2F 0-1: Called Strike 0-2: Ball 1-2: Ground out 6-3 (Groundball, 6M)
|
Top of the 8th over - 0 run(s), 0 hit(s), 0 error(s), 2 left on base; Savannah 5 - Scottsdale 12 |
BOTTOM OF THE 8TH |
Scottsdale Scorpions batting - Pitching for Savannah Hogs : RHP António Baca
|
Pitching: RHP Jorge Durán
|
|
Batting: LHB Frank Vázquez
|
0-0: Ball 1-0: Foul Ball, location: 2F 1-1: Ground out 6-3 (Groundball, 6)
|
Batting: RHB Ricardo Gutiérrez
|
0-0: Foul Ball, location: 2F 0-1: Called Strike 0-2: Strikes out swinging
|
Batting: SHB Luis López
|
0-0: Called Strike 0-1: Foul Ball, location: 2F 0-2: Ball 1-2: Foul Ball, location: 2F 1-2: Ball 2-2: Ground out 6-3 (Groundball, 6)
|
Bottom of the 8th over - 0 run(s), 0 hit(s), 0 error(s), 0 left on base; Savannah 5 - Scottsdale 12 |
TOP OF THE 9TH |
Savannah Hogs batting - Pitching for Scottsdale Scorpions : RHP Billy O'Neal
|
Now in RF: Justin Holland
|
|
Batting: RHB Anastasio Movonda
|
0-0: Ball 1-0: Foul Ball, location: 2F 1-1: Ball 2-1: Foul Ball, location: 2F 2-2: Ground out U3 (Groundball, 34S)
|
Pitching: RHP Julian Corbitt
|
|
Batting: RHB Guillermo González
|
0-0: Called Strike 0-1: SINGLE (Line Drive, 7S)
|
Batting: RHB Luis González
|
0-0: Ball 1-0: Reached on error, E4 (Groundball, 4M) Guillermo González to second
|
Batting: LHB Ivan Costello
|
0-0: Called Strike 0-1: Ball 1-1: Called Strike 1-2: Strikes out looking
|
Batting: LHB Jim Clemente
|
0-0: Called Strike 0-1: Swinging Strike 0-2: Ball 1-2: SINGLE (Line Drive, 8RS) Guillermo González to third Luis González to second Runner from 3rd tries for Home, SAFE, no throw
|
Batting: RHB Sergio Moreno
|
0-0: Ball 1-0: Ball 2-0: TRIPLE (Flyball, 9LD) Luis González scores Jim Clemente scores
|
Pitching: LHP Gerardo Cortéz
|
|
Batting: RHB Orlando Márquez
|
0-0: Fly out, F7 (Line Drive, 7)
|
Top of the 9th over - 3 run(s), 3 hit(s), 1 error(s), 1 left on base; Savannah 8 - Scottsdale 12 |
|